cohdb
Replays
Latest Replays
All Replays
Popular Replays
Top Player Replays
Match Explorer
How It Works
Community
CoH3 Stats
Reddit
Sign in to upload your games and track your stats! →
Sign in with Steam
Match 25384317
Unlisted
Match 25384317
Overview
Messages
Build Orders
End
Construct Infanterie Kompanie
MG 42 Machine Gun Team
Selects Mechanized Battlegroup
Grenadier Squad
Grenadier Squad
Construct Panzergrenadier Kompanie
Panzergrenadier Squad
Support Elements
Panzergrenadier Officer Quarters
Nebelwerfer 42 Rocket Launcher Team
Selects Raid Package
Selects 8 Rad Armored Car
8 Rad Armored Car
Construct Panzer Kompanie
Rowdy
ManWithPlan
lifetec
Jonatanga
LotDExile
Eber
0
0
Comments
sign in to comment!
No comments posted yet!